AoeStats
← Apeiron

Arabia

509884968Analyzed
2v2 RM · 4d ago on Sep 28, 2026· 40m 43s· 4 players
Game mode
Random Map
Map size
Medium (4 player)
Population
200
Speed
Normal
Resources
Standard
Victory
Conquest
Starting age
Dark Age
Ending age
Imperial Age
RankedLock teamsTeams togetherTeam positionsShared explorationLock speedFull tech treeHidden civsTurbo modeCheats
Victory
Defeat
🇹🇷 Britons · Türkiye
920
+14
919
+14
🇨🇳 Franks · China
881
-15
🇬🇧 Vietnamese · United Kingdom
857
-13
3129902668
0:28 Loom
10:54 Feudal Age
11:45 Double-Bit Axe
20:30 Castle Age
19:40 Gold Mining
20:03 Stone Mining
22:32 Bow Saw
24:13 Gold Shaft Mining
28:32 Husbandry
30:06 Scale Barding Armor
32:54 Imperial Age
32:24 Chain Barding Armor
33:06 Cavalier
34:26 Plate Barding Armor
34:52 Forging
34:43 Scale Mail Armor
36:25 Wheelbarrow
38:46 Chain Mail Armor
39:06 Iron Casting
Louiswoo
6:59 Loom
9:40 Feudal Age
11:21 Double-Bit Axe
19:56 Castle Age
20:08 Padded Archer Armor
19:59 Fletching
20:01 Elite Skirmisher
21:12 Bow Saw
22:37 Leather Archer Armor
25:11 Bodkin Arrow
26:02 Bloodlines
28:40 Thumb Ring
30:04 Gold Mining
32:28 Wheelbarrow
32:24 Horse Collar
37:02 Imperial Age
36:03 Pikeman
38:58 Imperial Skirmisher
Apeiron
7:05 Loom
9:52 Feudal Age
12:07 Fletching
13:21 Double-Bit Axe
18:42 Padded Archer Armor
21:51 Castle Age
24:19 Elite Skirmisher
25:09 Bodkin Arrow
26:01 Bow Saw
25:27 Pikeman
30:18 Horse Collar
30:33 Gold Mining
30:48 Squires
30:37 Gambesons
30:41 Arson
35:38 Imperial Age
35:46 Halberdier
38:36 Forging
38:27 Scale Mail Armor
word.exe ömer EasySkins com
5:11 Loom
12:01 Feudal Age
14:40 Double-Bit Axe
14:39 Horse Collar
21:27 Castle Age
21:05 Forging
21:01 Scale Barding Armor
23:01 Husbandry
23:49 Bow Saw
24:35 Iron Casting
24:20 Chain Barding Armor
39:27 Imperial Age
40:25 Cavalier
Connection lost

Rejoining the realm…

Still unreachable

The connection could not be restored.

Session expired

The server has moved on; the page needs a fresh start.